 Dungeon Crawl Stone Soup version 0.27.1-4-g1640c2035a (webtiles) character file.

Game seed: 8432141039147407376

105 TheDoctor the Magician (level 5, 0/57 HPs)
             Began as a Djinni Hedge Wizard on Nov 12, 2021.
             Killed by divine providence
             ... invoked by an orc priest
              (10 damage)
             ... on level 3 of the Dungeon.
             The game lasted 00:04:52 (3697 turns).

TheDoctor the Magician (Djinni Hedge Wizard)        Turns: 3697, Time: 00:04:54

Health: 0/57       AC: 22    Str:  7 (9)  XL:     5   Next: 8%
Gold:   47         EV:  2    Int: 16 (17) God:
                   SH:  0    Dex: 11 (12)

rFire    . . .     SeeInvis .   a - +0 dagger
rCold    . . .     Faith    .   (no shield)
rNeg     + + +     Spirit   .   (armour currently unavailable)
rPois    ∞         Reflect  .   (helmet currently unavailable)
rElec    .         Harm     .   (cloak currently unavailable)
rCorr    .         Rampage  .   (gloves currently unavailable)
Will     .....     NoTele   +   (boots unavailable)
Stlth    ++........             (no amulet)
HPRegen  0.19/turn              (no ring)
MPRegen  0.00/turn              (no ring)

@: brilliant, tree-form
A: stationary, stasis, torment immunity, boosted hp, sickness immunity, (fire
resistance 2), (cold vulnerability 1), float, innate caster, hp casting, extra
vitality 1
a: no special abilities


You were on level 3 of the Dungeon.
You were a tree.
You visited 1 branch of the dungeon, and saw 3 of its levels.

You collected 47 gold pieces.

Inventory:

Hand Weapons
 a - a +0 dagger (weapon)
Armour
 b - a +0 robe (melded)
 c - a +0 hat (melded)
 j - a +2 leather armour of fire resistance
Jewellery
 k - a +6 ring of dexterity
Wands
 m - a wand of iceblast (10)
Scrolls
 d - a scroll of teleportation {unknown}
 e - a scroll of silence {unknown}
 h - a scroll of vulnerability {unknown}
 i - a scroll of amnesia {unknown}
 o - a scroll of fear {unknown}
Potions
 g - a potion of brilliance
 n - a potion of heal wounds {unknown}


   Skills:
 + Level 1.9 Fighting
 - Level 2.4 Dodging
 - Level 1.7 Stealth
 + Level 3.6 Spellcasting


You couldn't memorise any spells.
You knew the following spells:

 Your Spells              Type           Power      Damage    Failure   Level
a - Magic Dart            Conj           88%        1d7       3%          1
b - Blink                 Tloc           N/A        N/A       6%          2
c - Call Imp              Summ           22%        N/A       6%          2
d - Slow                  Hex            22%        N/A       6%          2
e - Conjure Flame         Conj/Fire      22%        6-21      12%         3
f - Mephitic Cloud        Conj/Pois/Air  22%        N/A       12%         3
g - Shock                 Conj/Air       88%        1d8       3%          1
h - Ensorcelled Hibernat  Hex/Ice        44%        N/A       6%          2
Your spell library was empty.

Dungeon Overview and Level Annotations

Branches:
Dungeon (3/15)

Altars:
Makhleb

Annotations:
D:3 Grinder


Innate Abilities, Weirdness & Mutations

You are a tree.
Your roots penetrate the ground, keeping you stationary.
You cannot be teleported.
You are immune to unholy pain and torment.
Your maximum health is greatly increased.
Your equipment is partially melded.
You are immune to sickness and miasma.
You are immune to poison.
((Your flesh is very heat resistant. (rF++)))
((You are vulnerable to cold. (rC-)))
You float through the air rather than walking.
You learn spells naturally, not from books.
Your magical power is your life essence.
You have superior vitality. (+4 HP)


Message History

The orc's wounds heal themselves!
The orc wizard hits the orc with a +0 dagger.
Casting: Mephitic Cloud (dangerous; 11% risk of failure)
Confirm with . or Enter, or press ? or * to list all spells.
Aiming: Mephitic Cloud (dangerous; 11% risk of failure)
Press: ? - help, Shift-Dir - straight line, f/p - orc wizard
Aim: an orc wizard, wielding a +0 dagger and wearing a +0 robe (severely wounded, confused, chance to affect: 86%)
The ball explodes into a vile cloud!
The stinking cloud engulfs the orc wizard but does no damage.
The orc wizard is severely wounded.
The stinking cloud engulfs the orc but does no damage.
The orc is heavily wounded.
The stinking cloud engulfs you but does no damage.
The stinking cloud engulfs the orc but does no damage.
The orc is engulfed in noxious fumes.
The orc appears confused.
The orc hits the orc wizard but does no damage.
The orc priest mumbles some strange prayers to Beogh against you.
Beogh smites you!
* * * LOW HITPOINT WARNING * * *
The orc wizard is engulfed in noxious fumes.
The orc wizard appears confused.
The orc wizard hits you with a +0 dagger.
* * * LOW HITPOINT WARNING * * *
The orc is engulfed in noxious fumes.
The orc appears confused.
You kill the orc!
The orc wizard is engulfed in noxious fumes.
The orc wizard appears confused.
It was a potion of brilliance.
You feel clever all of a sudden.
It was a potion of degeneration.
There was something very wrong with that liquid.
You feel weakened.
You feel dopey.
You feel clumsy. The orc wizard barely misses you.
It was a potion of lignification.
You turn into a tree.
Your +0 hat melds into your body.
Your +0 robe melds into your body.
Your roots penetrate the ground.
The orc wizard hits you but does no damage.
The orc priest mumbles some strange prayers to Beogh against you.
Beogh smites you!
You die...

#..#..#.#..#. #.
###...##.##... #.
#............. #.
#.##.......... .##
#.#....#.##... ..#
#.#)#.##.# # #.#
#.....##†### # #.#
###.####...# # #♣#
#.# ###.# # #o# #.#
#.# # #o# #.# #.# #
#o# #.# #.# #
##o#####.######.###
#).................
#.#############.###
#. #.# #. #.#


You could see 2 orc priests, an orc wizard (confused) and an orc.

Vanquished Creatures
  4 gnolls (D:2)
  2 adders
  2 dart slugs
  An orc (D:3)
  6 ball pythons
  6 endoplasms
  2 giant cockroaches
  4 goblins
  4 hobgoblins
  4 kobolds
  A quokka (D:1)
  A bat (D:1)
  2 frilled lizards
  5 rats
44 creatures vanquished.

Notes
Turn   | Place    | Note
-------+----------+-------------------------------------------
     0 | D:1      | TheDoctor the Djinni Hedge Wizard began the quest for the
                  | Orb.
     0 | D:1      | Reached XP level 1. HP: 15/15 MP: 0/0
   249 | D:1      | Reached XP level 2. HP: 18/21 MP: 0/0
   618 | D:1      | Found a faded altar of an unknown god.
   693 | D:1      | Reached skill level 3 in Spellcasting
  1199 | D:1      | Reached XP level 3. HP: 21/25 MP: 0/0
  1199 | D:1      | Learned a level 1 spell: Shock
  2399 | D:2      | Reached skill level 1 in Fighting
  2399 | D:2      | Reached XP level 4. HP: 26/32 MP: 0/0
  3195 | D:3      | Noticed Grinder
  3290 | D:3      | Reached XP level 5. HP: 29/38 MP: 0/0
  3290 | D:3      | Learned a level 2 spell: Ensorcelled Hibernation
  3534 | D:3      | Found a burning altar of Makhleb.
  3580 | D:3      | Paralysed by something for 4 turns
  3697 | D:3      | Killed from afar by an orc priest

Illustrated notes

Levels and vault maps discovered:
D:1:      nicolae_arrival_somewhat_less_tricky_arrival, layout_basic,
          ebering_ecumenical_altar_rust
D:2:      layout_basic, nrook_mini_vaults, grunt_ministairs_5
D:3:      layout_loops_ring, mainiacjoe_overflow_small_starburst, serial_shops,
          shop, uniq_grinder

Skill      XL: |  1  2  3 |
---------------+----------+-----
Spellcasting   | 3 |  3.6
Fighting       | 1 |  1.9
Dodging        | |  2.4
Stealth        | |  1.7

Action                   |  1- 3 |  4- 6 || total
-------------------------+-------+-------++-------
Melee: Dagger            |       |     4 ||     4
 Cast: Magic Dart        |    81 |    35 ||   116
       Mephitic Cloud    |       |     6 ||     6
  Use: Potion            |       |     3 ||     3
Armor: Robe              |       |     2 ||     2
       Skin              |       |     1 ||     1
Dodge: Dodged            |     4 |    11 ||    15
